 Dungeon Crawl Stone Soup version 0.31-a0-233-g139696dc86 (webtiles) character file.

Game seed: 4596625349119295052

4209 qw the Skirmisher (level 10, -3/88 HPs)
             Began as a Minotaur Hexslinger on July 7, 2023.
             Was a Believer of Okawaru.
             Slain by a yak (6 damage)
             ... on level 8 of the Dungeon.
             The game lasted 00:03:05 (7577 turns).

qw the Skirmisher (Minotaur Hexslinger)             Turns: 7577, Time: 00:03:06

Health: -3/88      AC: 18    Str: 13    XL:     10   Next: 8%
Magic:  9/12       EV: 15    Int: 10    God:    Okawaru [**....]
Gold:   384        SH:  0    Dex: 17    Spells: 10/11 levels left

rFire   . . .        Y - +2 sling
rCold   + . .        (no shield)
rNeg    . . .        c - +1 ring mail {rC+}
rPois   .            (helmet restricted)
rElec   .            o - +0 cloak
rCorr   .            l - +1 pair of gloves
SInv    +            d - +1 pair of boots
Will    .....        (no amulet)
Stlth   ++           n - +4 ring of protection
HPRegen 0.34/turn    h - ring of see invisible
MPRegen 0.13/turn

%: no passive effects
@: heroic
A: horns 2, retaliatory headbutt
a: Renounce Religion, Heroism


You were on level 8 of the Dungeon.
You worshipped Okawaru.
Okawaru was pleased with you.
You visited 2 branches of the dungeon, and saw 9 of its levels.

You collected 561 gold pieces.
You spent 177 gold pieces at shops.


Innate Abilities, Weirdness & Mutations

You have a pair of horns on your head.
You reflexively headbutt those who attack you in melee.


   Skills:
 - Level 8.3(13.3) Fighting
 - Level 12.2(17.2) Ranged Weapons
 - Level 4.4(9.4) Armour
 + Level 4.3(9.3) Dodging
 - Level 1.0 Spellcasting
 - Level 2.0 Hexes
 - Level 4.0 Invocations


You had 10 spell levels left.
You knew the following spells:

 Your Spells              Type           Power      Damage    Failure   Level
a - Slow                  Hex            16%        N/A       28%         1

Your spell library contained the following spells:

 Spells                   Type           Power      Damage    Failure   Level
 Inner Flame              Hex/Fire       2%         N/A       77%         3
 Portal Projectile        Hex/Tloc       4%         N/A       77%         3
 Cause Fear               Hex            2%         N/A       95%         4

Inventory:

Hand Weapons
 Y - a +2 sling (weapon)
Armour
 c - a +1 ring mail of cold resistance (worn)
 d - a +1 pair of boots (worn)
 l - a +1 pair of gloves (worn)
 o - a +0 cloak (worn)
Jewellery
 a - a ring of protection from cold
 f - an amulet of the acrobat
 h - a ring of see invisible (right hand)
 k - the ring "Fycoijo" {*Corrode rPois rN+ Stlth+}
   (You found it on level 6 of the Dungeon)

   [ring of positive energy]

   rPois:     It protects you from poison.
   rN:        It protects you from negative energy.
   *Corrode:  It may corrode you when you take damage.
   Stlth:     It makes you more stealthy.
 n - a +4 ring of protection (left hand)
Scrolls
 i - 2 scrolls of identify
Potions
 b - a potion of mutation
 e - 8 potions of curing
 j - a potion of haste

Dungeon Overview and Level Annotations

Branches:
Dungeon (8/15)             Temple (1/1) D:5
   Lair: D:8-11

Altars:
Ashenzari
Dithmenos
Fedhas
Gozag
Hepliaklqana
Kikubaaqudgha
Makhleb
Nemelex Xobeh
Okawaru
Qazlal
Ru
Sif Muna
Trog
Vehumet
Xom
Yredelemnul
Zin
The Shining One

Shops:
D:2 *   D:5 [

Annotations:
D:3 3 runed translucent doors, qw's ghost, amateur MiHs


Message History

You shoot a sling bullet. The sling bullet hits the yak.
The yak is heavily wounded.
You shoot a sling bullet. The sling bullet hits the yak!
The yak is severely wounded.
You feel sick. The yak gores you but does no damage. The yak misses you.
You shoot a sling bullet. The sling bullet hits the yak!
The yak is almost dead.
You feel sick.
The yak dies!
The yak barely misses you.
You shoot a sling bullet. The sling bullet hits the yak!
The yak is severely wounded.
You feel sick. The yak barely misses you. You furiously retaliate!
You headbutt the yak! The yak gores you. The yak barely misses you.
You shoot a sling bullet. The sling bullet hits the yak.
The yak is severely wounded.
You feel like a meek peon again. The yak misses you.
The yak gores you but does no damage. The yak closely misses you.
7573 ||| INVOKING Heroism.
You gain the combat prowess of a mighty hero.
You feel sick.
You are no longer poisoned.
The yak barely misses you. x2; You furiously retaliate!
You headbutt the yak! The yak gores you.
You shoot a sling bullet. The sling bullet hits the yak.
The yak is almost dead.
You shoot a sling bullet. The sling bullet barely misses the yak.
The yak gores you but does no damage. The yak misses you.
You furiously retaliate!
You headbutt the yak. The yak gores you but does no damage.
You shoot a sling bullet.
The sling bullet hits the yak but does no damage.
The yak is almost dead.
The yak gores you. The yak misses you. You furiously retaliate!
You headbutt the yak! The yak barely misses you.
You shoot a sling bullet. The sling bullet hits the yak.
The yak is almost dead.
The yak misses you. The yak gores you.
You die...

.......# .....# #......##...# ...
.. ....# #......##...##... #...
#...# .......#.........
#...##...# ....Y..#.........
.........# .....Y.#.......
#.........# ...@.Y.#.....
.........# ##....###..# #####
#..[.....'
##....###..###YY@####+##...##...#
.#.............YY+....##...##...#
.#.....%.........#.........#....#
.+..(............#.....)%..#....#
.#....##...####'###...##.))'..>.#
##....##...###...##...#######...#
##....##....[.........##...##...#
.......+...................#....#
.......#...................#....#


You could see 4 yaks.

Vanquished Creatures
  A two-headed ogre (D:8)
  Psyche (D:8)
  5 yaks
  3 water moccasins
  A sky beast (D:7)
  A black bear (D:5)
  3 ice beasts
  4 ogres
  A phantom (D:5)
  4 bullfrogs
  A scorpion (D:5)
  4 wights (D:7)
  3 howler monkeys
  2 jellies
  3 hounds
  2 orc priests
  6 iguanas
  3 sleepcaps
  Terence (D:2)
  2 orc wizards
  A mummy (D:5)
  4 gnolls (D:3)
  5 adders
  A shadow imp (D:7)
  A white imp (D:4)
  An ufetubus (D:4)
  5 worms
  5 dart slugs
  13 orcs
  9 endoplasms
  4 giant cockroaches
  10 goblins
  9 hobgoblins
  2 jackals (D:2)
  4 quokkas
  5 ball pythons
  7 bats
  3 frilled lizards (D:2)
  6 kobolds
  9 rats
155 creatures vanquished.

Vanquished Creatures (others)
  A yak (D:8)
1 creature vanquished.

Grand Total: 156 creatures vanquished

Notes
Turn   | Place    | Note
-------+----------+-------------------------------------------
     0 | D:1      | qw the Minotaur Hexslinger began the quest for the Orb.
     0 | D:1      | Reached XP level 1. HP: 16/16 MP: 1/1
     0 | D:1      | 0 ||| qw: Version: 0.3-a-46-gb1f654a
     0 | D:1      | 0 ||| qw: Game counter: 3115
     0 | D:1      | 0 ||| qw: Melee chars always use a shield: true
     0 | D:1      | 0 ||| qw: God list: Okawaru
     0 | D:1      | 0 ||| qw: Allow faded altars: false
     0 | D:1      | 0 ||| qw: Do Orc after clearing Dungeon:15 true
     0 | D:1      | 0 ||| qw: Do second Lair branch before Depths: true
     0 | D:1      | 0 ||| qw: Lair rune preference: random
     0 | D:1      | 0 ||| qw: Goals: Normal
     0 | D:1      | 0 ||| PLANNING D:1-11
   161 | D:1      | Reached skill level 3 in Ranged Weapons
   161 | D:1      | Reached XP level 2. HP: 23/23 MP: 2/2
   363 | D:1      | Reached XP level 3. HP: 29/29 MP: 3/3
   688 | D:1      | 688 ||| UPGRADING to +0 ring mail.
   698 | D:1      | 698 ||| DROPPING +0 robe.
   699 | D:1      | 699 ||| READING scroll labelled ZIXANN UNNOA.
   700 | D:1      | 700 ||| READING scroll labelled CADUECW KOFIGOLAD.
   701 | D:1      | 701 ||| READING scroll labelled DUQOSONEXE.
   702 | D:1      | 702 ||| READING scroll labelled JEFOAT ERPHAGH.
   703 | D:1      | 703 ||| READING scroll labelled NILLOEL IBICOS.
   704 | D:1      | 704 ||| READING scroll labelled JEFANI SULIO.
   705 | D:1      | 705 ||| DRINKING 2 viscous cyan potions.
   706 | D:1      | 706 ||| DROPPING scroll of poison.
   713 | D:2      | Found Xyezuasol's Assorted Antiques.
   726 | D:2      | 726 ||| SHOPLISTING cloak (85 gold, have 84).
   726 | D:2      | 726 ||| SHOPLISTING scroll of enchant weapon (142 gold,
                  | have 84).
   726 | D:2      | 726 ||| BUYING silvery potion (17 gold).
   726 | D:2      | Bought a silvery potion for 17 gold pieces
   811 | D:2      | Reached skill level 4 in Ranged Weapons
   822 | D:2      | Found a faded altar of an unknown god.
   836 | D:2      | Reached skill level 1 in Armour
   909 | D:2      | Reached XP level 4. HP: 36/36 MP: 4/4
  1105 | D:2      | Noticed Terence
  1110 | D:2      | Killed Terence
  1331 | D:2      | 1331 ||| UPGRADING to ring of protection from cold.
  1332 | D:2      | 1332 ||| READING scroll labelled XAESUA HAPU.
  1333 | D:2      | 1333 ||| DRINKING 3 silvery potions.
  1334 | D:2      | 1334 ||| DRINKING 2 sedimented grey potions.
  1335 | D:2      | 1335 ||| DROPPING 2 potions of attraction.
  1380 | D:3      | Reached skill level 5 in Ranged Weapons
  1467 | D:3      | Reached skill level 3 in Fighting
  1467 | D:3      | Reached XP level 5. HP: 22/45 MP: 5/5
  1649 | D:3      | Found a runed translucent gate.
  1650 | D:3      | Found a runed translucent gate.
  1657 | D:3      | Found a runed translucent gate.
  1959 | D:3      | Noticed qw's ghost (amateur MiHs)
  1962 | D:3      | 1962 ||| UPGRADING to ring of see invisible.
  1963 | D:3      | 1963 ||| READING scroll labelled AMOXONGIUSU.
  1976 | D:3      | 1976 ||| READING 2 scrolls of identify.
  1976 | D:3      | 1976 ||| IDENTIFYING fuming black potion
  1977 | D:3      | 1977 ||| DROPPING potion of berserk rage.
  2186 | D:4      | Noticed an ice beast
  2200 | D:4      | Killed an ice beast
  2201 | D:4      | Reached skill level 6 in Ranged Weapons
  2201 | D:4      | Reached XP level 6. HP: 30/51 MP: 6/6
  2621 | D:4      | 2621 ||| FLEEEEING.
  2622 | D:4      | 2622 ||| FLEEEEING.
  2686 | D:4      | HP: 7/52 [orc wizard/magic dart (8)]
  2692 | D:4      | HP: 4/52 [orc/+0 dagger (2)]
  2694 | D:4      | HP: 1/52 [orc/+0 dagger (2)]
  2915 | D:4      | Reached skill level 7 in Ranged Weapons
  3067 | D:4      | 3067 ||| DROPPING scarf of invisibility.
  3068 | D:4      | 3068 ||| READING 2 scrolls of identify.
  3068 | D:4      | 3068 ||| IDENTIFYING metallic puce potion
  3212 | D:5      | Entered Level 5 of the Dungeon
  3213 | D:5      | 3213 ||| PLANNING OSSUARY
  3232 | D:5      | Reached XP level 7. HP: 38/59 MP: 7/7
  3330 | D:5      | Found Fotsos's Armour Emporium.
  3347 | D:5      | HP: 14/59 [black bear (5)]
  3525 | D:5      | 3525 ||| BUYING +1 ring mail of cold resistance (160 gold).
  3525 | D:5      | Bought a +1 ring mail of cold resistance for 160 gold
                  | pieces
  3599 | D:5      | Reached skill level 8 in Ranged Weapons
  3615 | D:5      | Found a staircase to the Ecumenical Temple.
  3934 | D:5      | Reached skill level 9 in Ranged Weapons
  3981 | D:5      | 3981 ||| RIP OSSUARY
  4000 | D:5      | 4000 ||| PLANNING TEMPLE
  4002 | D:5      | 4002 ||| UPGRADING to +1 ring mail of cold resistance.
  4012 | D:5      | 4012 ||| DROPPING +0 ring mail.
  4013 | D:5      | 4013 ||| READING 2 scrolls labelled XUMADO BEVVIC.
  4014 | D:5      | 4014 ||| DROPPING scroll of fear.
  4037 | Temple   | Entered the Ecumenical Temple
  4037 | Temple   | Found a transporter.
  4037 | Temple   | Found a transporter.
  4039 | Temple   | Found a transporter.
  4039 | Temple   | Found a transporter.
  4049 | Temple   | 4049 ||| PLANNING D:1-11
  4064 | Temple   | 4064 ||| PLANNING OKAWARU WORSHIP
  4068 | Temple   | Became a worshipper of Warmaster Okawaru
  4069 | Temple   | 4069 ||| PLANNING D:1-11
  4113 | D:5      | Reached XP level 8. HP: 58/68 MP: 8/8
  4303 | D:6      | Reached skill level 3 in Dodging
  4377 | D:6      | Found a blossoming altar of Fedhas.
  4449 | D:6      | HP: 13/69 [ogre/+0 giant spiked club (26)]
  4450 | D:6      | 4450 ||| READING scroll of teleportation.
  4742 | D:6      | Reached skill level 6 in Fighting
  5106 | D:6      | HP: 11/70 [ogre/+0 giant club (16)]
  5107 | D:6      | 5107 ||| READING scroll of teleportation.
  5405 | D:6      | Reached * piety under Okawaru
  5406 | D:6      | Reached skill level 10 in Ranged Weapons
  5596 | D:6      | Identified the ring "Fycoijo" {*Corrode rPois rN+ Stlth+}
  6024 | D:6      | 6024 ||| UPGRADING to +1 pair of boots.
  6029 | D:6      | 6029 ||| UPGRADING to ring "Fycoijo" {*Corrode rPois rN+
                  | Stlth+}.
  6031 | D:6      | 6031 ||| READING 2 scrolls of identify.
  6031 | D:6      | 6031 ||| IDENTIFYING amethyst potion
  6122 | D:7      | Reached skill level 1 in Invocations
  6297 | D:7      | Found a glowing golden altar of the Shining One.
  6326 | D:7      | 6326 ||| INVOKING Heroism.
  6331 | D:7      | Reached skill level 3 in Invocations
  6332 | D:7      | Reached XP level 9. HP: 32/78 MP: 7/10
  6559 | D:7      | 6559 ||| INVOKING Heroism.
  6586 | D:7      | Found a shadowy altar of Dithmenos.
  6737 | D:7      | 6737 ||| INVOKING Heroism.
  6962 | D:7      | 6962 ||| UPGRADING to +0 pair of gloves.
  6967 | D:7      | 6967 ||| UPGRADING to +0 cloak.
  6972 | D:7      | 6972 ||| UPGRADING to +4 ring of protection.
  6974 | D:7      | 6974 ||| READING scroll labelled GIEWOF YSHOETUT.
  6975 | D:7      | 6975 ||| READING scroll labelled POYHAJ AHA.
  7007 | D:8      | 7007 ||| STAIRDANCE
  7012 | D:7      | 7012 ||| INVOKING Heroism.
  7018 | D:7      | Reached skill level 3 in Armour
  7032 | D:7      | 7032 ||| INVOKING Heroism.
  7032 | D:7      | HP: 11/79 [yak (13)]
  7033 | D:7      | 7033 ||| DRINKING potion of heal wounds.
  7034 | D:7      | Reached skill level 11 in Ranged Weapons
  7225 | D:8      | Noticed a two-headed ogre
  7226 | D:8      | 7226 ||| INVOKING Heroism.
  7244 | D:8      | Killed a two-headed ogre
  7244 | D:8      | Reached ** piety under Okawaru
  7245 | D:8      | Reached skill level 12 in Ranged Weapons
  7246 | D:8      | HP: 19/79 [sleepcap (9)]
  7445 | D:8      | 7445 ||| INVOKING Heroism.
  7501 | D:8      | 7501 ||| READING scroll of enchant armour.
  7501 | D:8      | 7501 ||| ENCHANTING +0 pair of gloves.
  7516 | D:8      | Noticed Psyche
  7517 | D:8      | 7517 ||| INVOKING Heroism.
  7536 | D:8      | 7536 ||| FLEEEEING.
  7537 | D:8      | 7537 ||| FLEEEEING.
  7538 | D:8      | 7538 ||| FLEEEEING.
  7539 | D:8      | 7539 ||| FLEEEEING.
  7540 | D:8      | 7540 ||| FLEEEEING.
  7541 | D:8      | 7541 ||| FLEEEEING.
  7542 | D:8      | 7542 ||| FLEEEEING.
  7543 | D:8      | 7543 ||| FLEEEEING.
  7544 | D:8      | 7544 ||| FLEEEEING.
  7545 | D:8      | 7545 ||| FLEEEEING.
  7546 | D:8      | 7546 ||| FLEEEEING.
  7547 | D:8      | 7547 ||| FLEEEEING.
  7548 | D:8      | 7548 ||| FLEEEEING.
  7549 | D:8      | 7549 ||| FLEEEEING.
  7550 | D:8      | 7550 ||| FLEEEEING.
  7551 | D:8      | 7551 ||| FLEEEEING.
  7552 | D:8      | 7552 ||| FLEEEEING.
  7553 | D:8      | 7553 ||| INVOKING Heroism.
  7565 | D:8      | HP: 20/80 [poisoned by Psyche]
  7566 | D:8      | Killed Psyche
  7566 | D:8      | HP: 9/80 [yak (10)]
  7567 | D:8      | Reached XP level 10. HP: 10/88 MP: 10/12
  7571 | D:8      | HP: 8/88 [poisoned by Psyche]
  7573 | D:8      | 7573 ||| INVOKING Heroism.
  7573 | D:8      | HP: 3/88 [yak (3)]
  7577 | D:8      | Slain by a yak

Levels and vault maps discovered:
D:1:      saegor_arrival_simple_e, layout_rooms
D:2:      layout_rooms, ebering_ecumenical_altar_rust, serial_shops, shop,
          uniq_terence
D:3:      layout_basic, gammafunk_ghost_necromancy
D:4:      layout_loops_ring, serial_park_tiny_1, chequers_serial_rivers_small_3,
          kennysheep_generic_room_11
D:5:      layout_basic, minmay_temple_entry_glassed_door,
          gup_ossuary_entry_pyramid, nicolae_stop_n_shop_2
D:6:      layout_layer_cave, mainiacjoe_overflow_alcove_2,
          hangedman_abyss_or_decor_stagger, st_stairs_5
D:7:      layout_rooms, tso_metal_star, nicolae_dithmenos_shadow_blocks,
          roderic_roman_lattice
D:8:      layout_gridville, hangedman_abyss_or_decor_passed,
          uniq_prince_ribbit1, uniq_psyche
Temple:   hellmonk_temple_divided_pantheon

Skill      XL: |  1  2  3  4  5  6  7  8  9 |
---------------+----------------------------+-----
Ranged Weapons | 3 4 5 6 7 9 10 12 | 12.2
Fighting       | 2 3 4 5 7 8 |  8.3
Armour         | 1 2 4 |  4.4
Dodging        | 3 4 |  4.3
Invocations    | 3 4 |  4.0
Spellcasting   | |  1.0
Hexes          | |  2.0

Action                     |  1- 3 |  4- 6 |  7- 9 | 10-12 || total
---------------------------+-------+-------+-------+-------++-------
  Melee: Unarmed           |       |       |     5 |       ||     5
   Fire: Sling             |   113 |   247 |   389 |    10 ||   759
 Invoke: Heroism           |       |       |     9 |     1 ||    10
    Use: Scroll            |     6 |     4 |     7 |       ||    17
         Potion            |     1 |     2 |     1 |       ||     4
 Armour: Robe              |     5 |       |       |       ||     5
         Ring mail         |     4 |    26 |    73 |     4 ||   107
  Dodge: Dodged            |    34 |    69 |   167 |    13 ||   283

Table legend:
 A = Non-vault XP
 B = Vault XP
 C = Vault XP percentage of total XP
 D = Non-vault monster count
 E = Vault monster count
 F = Vault count percentage of total count
                 A         B        C        D         E       F
            +---------+---------+-------+---------+---------+-------
      Total |    5460 |     554 |   9.2 |     149 |       7 |   4.5
            +---------+---------+-------+---------+---------+-------
        D:1 |      51 |       0 |   0.0 |      28 |       0 |   0.0
        D:2 |      66 |      36 |  35.3 |      24 |       1 |   4.0
        D:3 |     115 |       0 |   0.0 |      24 |       0 |   0.0
        D:4 |     435 |       2 |   0.5 |      20 |       1 |   4.8
        D:5 |     704 |      18 |   2.5 |      11 |       1 |   8.3
        D:6 |     619 |     119 |  16.1 |      10 |       3 |  23.1
        D:7 |    1783 |       0 |   0.0 |      20 |       0 |   0.0
        D:8 |    1687 |     379 |  18.3 |      12 |       1 |   7.7
            +---------+---------+-------+---------+---------+-------
